 Dungeon Crawl Stone Soup version 0.19.0-2-gae57169 (webtiles) character file.

802 Grim the Destroyer (level 7, -4/36 HPs)
             Began as a Deep Elf Conjurer on Nov 5, 2016.
             Was a Believer of Vehumet.
             Slain by Duvessa
             ... wielding a +0 short sword
              (12 damage)
             ... on level 4 of the Dungeon.
             The game lasted 00:16:09 (6544 turns).

Grim the Destroyer (Deep Elf Conjurer)              Turns: 6544, Time: 00:16:10

Health: -4/36      AC:  4    Str:  5    XL:     7   Next: 59%
Magic:  8/13       EV: 13    Int: 22    God:    Vehumet [**....]
Gold:   152        SH:  0    Dex: 15    Spells: 3 memorised, 5 levels left

rFire  . . .     SeeInvis .     m - +3 dagger (holy)
rCold  . . .     Gourm    .     a - +0 robe
rNeg   . . .     Faith    .     (no shield)
rPois  .         Spirit   .     x - +0 helmet
rElec  .         Reflect  .     (no cloak)
rCorr  .         Harm     .     d - +0 pair of gloves
MR     .....                    (no boots)
Stlth  ++........               (no amulet)
                                (no ring)
                                (no ring)

@: no status effects
A: no striking features
a: Renounce Religion


You were on level 4 of the Dungeon.
You worshipped Vehumet.
Vehumet was pleased with you.
You were not hungry.

You visited 1 branch of the dungeon, and saw 5 of its levels.

You collected 152 gold pieces.

Inventory:

Hand Weapons
 m - a +3 dagger of holy wrath (weapon)
Armour
 a - a +0 robe (worn)
 d - a +0 pair of gloves (worn)
 x - a +0 helmet (worn)
Wands
 t - a wand of digging (16/24)
 y - a wand of teleportation (4/9)
Scrolls
 e - 2 scrolls of recharging
 f - 4 scrolls of remove curse
 k - 2 scrolls of fear {unknown}
 l - a scroll of noise {unknown}
 n - a scroll of enchant weapon
 s - 2 scrolls of identify {unknown}
 u - a scroll of teleportation {unknown}
 w - 2 scrolls of enchant armour {unknown}
Potions
 g - 3 potions of agility {unknown}
 h - 2 potions of curing {unknown}
 i - a potion of lignification {unknown}
 j - 3 potions of berserk rage {unknown}
 p - a potion of resistance {unknown}
 r - a potion of heal wounds {unknown}
 v - a potion of might {unknown}
 z - a potion of brilliance {unknown}
Books
 b - a book of Conjurations

   Spells                             Type                      Level
   a - Magic Dart                     Conjuration                  1
   b - Searing Ray                    Conjuration                  2
   c - Dazzling Spray                 Conjuration/Hexes            3
   d - Fulminant Prism                Conjuration/Hexes            4
   e - Iskenderun's Mystic Blast      Conjuration                  4
   f - Iskenderun's Battlesphere      Conjuration/Charms           5
Comestibles
 c - a bread ration
 o - a meat ration
 q - 2 beef jerkies


   Skills:
 - Level 2.4 Dodging
 - Level 2.4 Stealth
 - Level 3.0 Spellcasting
 * Level 10.3 Conjurations


You had 5 spell levels left.
You knew the following spells:

 Your Spells              Type           Power        Failure   Level  Hunger
a - Magic Dart            Conj           ####         1%          1    None
b - Searing Ray           Conj           #####.       1%          2    ##.....
c - Iskenderun's Mystic   Conj           #####...     1%          4    ####...


Dungeon Overview and Level Annotations

Branches:
Dungeon (5/15)
 Temple: D:4-7

Altars:
Ashenzari
Sif Muna
Uskayaw
Vehumet

Annotations:
D:4 Dowan, Duvessa


Message History

The jackal closely misses you.
Dowan casts a spell at Duvessa.
Duvessa seems to speed up.
Duvessa barely misses you. The jackal bites you.
The searing ray hits Duvessa.
Duvessa is lightly wounded.
Duvessa closely misses you. The jackal bites you.
Dowan gestures wildly while chanting.
Dowan blinks!
The searing ray hits Duvessa.
Duvessa is moderately wounded.
Duvessa closely misses you. The jackal barely misses you.
Duvessa barely misses you. The jackal bites you.
The searing ray hits Duvessa.
Duvessa is almost dead.
You finish channeling your searing ray.
Duvessa hits you with a short sword!
* * * LOW HITPOINT WARNING * * *
The jackal closely misses you.
Unknown command.
Duvessa hits you with a short sword!
You die...

#....##...# #....
#....##...######....
############....)†...'....'....
#.(.#......#....##...######....
#.#.#.##.###....##...# #....
#.#...##....#'######## #####
#.#########.#.# #.#
#.#e############# #.#
#.#>@.........^.# #.#
#.#h###########.## #.####
###.[.......# #..# #....#
##...........# ##.# ####.#
#..e.........# #.####
#.###......####### #.##..
#.#...##.....# #.##..
#.#.#....###.# ##..#..
#...##.#.# #.####### #<#.#..


You could see Duvessa, Dowan and a jackal.

Vanquished Creatures
  The ghost of Grim the Conjurer, an amateur DECj (D:4)
  An ogre (D:4)
  A bullfrog skeleton (D:4)
  5 orc wizards
  3 worker ants (D:4)
  Terence (D:3)
  An iguana (D:4)
  7 gnolls
  4 adders
  An ooze (D:2)
  4 worms
  6 dart slugs
  The ghost of SaintRoka the Chiller, a weakling KoIE (D:3)
  4 leopard geckos
  23 orcs
  4 ball pythons
  12 bats
  5 giant cockroaches
  12 goblins
  7 hobgoblins
  3 jackals (D:4)
  2 quokkas (D:4)
  10 frilled lizards
  7 kobolds
  6 rats
131 creatures vanquished.

Notes
Turn   | Place    | Note
-------+----------+-------------------------------------------
     0 | D:1      | Grim the Deep Elf Conjurer began the quest for the Orb.
     0 | D:1      | Reached XP level 1. HP: 10/10 MP: 6/6
   312 | D:1      | Reached XP level 2. HP: 15/15 MP: 6/8
   365 | D:1      | Reached skill level 5 in Conjurations
   754 | D:1      | Reached XP level 3. HP: 19/19 MP: 4/9
   955 | D:1      | Learned a level 2 spell: Searing Ray
  1124 | D:1      | You fall through a shaft!
  1475 | D:2      | Reached skill level 6 in Conjurations
  1670 | D:2      | Reached XP level 4. HP: 24/24 MP: 1/10
  2201 | D:2      | Found a radiant altar of Vehumet.
  2201 | D:2      | Found a deep blue altar of Sif Muna.
  2201 | D:2      | Found a shattered altar of Ashenzari.
  2207 | D:2      | Became a worshipper of Vehumet
  2496 | D:3      | Noticed SaintRoka's ghost (weakling KoIE)
  2543 | D:3      | Learned a level 4 spell: Iskenderun's Mystic Blast
  2601 | D:3      | Noticed Terence
  2605 | D:3      | Killed Terence
  2846 | D:3      | Killed SaintRoka's ghost
  2874 | D:3      | Reached skill level 7 in Conjurations
  2874 | D:3      | Reached XP level 5. HP: 28/28 MP: 6/11
  3385 | D:3      | Reached * piety under Vehumet
  3385 | D:3      | Offered knowledge of Flame Tongue by Vehumet.
  4079 | D:4      | Noticed an ogre
  4085 | D:4      | Killed an ogre
  4085 | D:4      | Reached skill level 8 in Conjurations
  4085 | D:4      | Reached XP level 6. HP: 32/32 MP: 0/12
  4086 | D:4      | Noticed Grim's ghost (amateur DECj)
  4268 | D:4      | Killed Grim's ghost
  4268 | D:4      | Reached skill level 9 in Conjurations
  4633 | D:4      | Reached XP level 7. HP: 20/36 MP: 9/13
  5905 | D:4      | Reached skill level 10 in Conjurations
  5975 | D:4      | Offered knowledge of Freeze by Vehumet.
  5975 | D:4      | Reached ** piety under Vehumet
  6428 | D:5      | Entered Level 5 of the Dungeon
  6428 | D:5      | Noticed Duvessa
  6428 | D:5      | Noticed Dowan
  6534 | D:5      | Found a hide-covered altar of Uskayaw.
  6544 | D:4      | Slain by Duvessa

Skill      XL: |  1  2  3  4  5  6  7 |
---------------+----------------------+-----
Conjurations   | 5 6 7 8 9 10 | 10.3
Dodging        | |  2.4
Stealth        | |  2.4
Spellcasting   | |  3.0

Action                   |  1- 3 |  4- 6 |  7- 9 || total
-------------------------+-------+-------+-------++-------
Melee: Dagger            |       |     4 |    10 ||    14
 Cast: Magic Dart        |    72 |    97 |    58 ||   227
       Searing Ray       |     4 |     6 |    11 ||    21
       Iskenderun's Myst |       |     8 |     1 ||     9
  Use: Scroll            |       |     2 |     1 ||     3
  Eat: Chunk             |     2 |     7 |     5 ||    14
       Bread ration      |       |     1 |     1 ||     2
Armor: Robe              |     1 |     3 |    10 ||    14
Dodge: Dodged            |     6 |    14 |    32 ||    52
